 Dungeon Crawl Stone Soup version 0.20-a0-441-g89e74e4 (webtiles) character file.

19 M4edhros the Grave Robber (level 2, -2/17 HPs)
             Began as an Octopode Necromancer on Jan 6, 2017.
             Killed by divine providence
             ... invoked by an orc priest
              (15 damage)
             ... on level 4 of the Dungeon.
             The game lasted 00:01:16 (316 turns).

M4edhros the Grave Robber (Octopode Necromancer)     Turns: 316, Time: 00:01:16

Health: -2/17      AC:  1    Str:  7    XL:     2   Next: 75%
Magic:  5/5        EV: 13    Int: 17    God:
Gold:   39         SH:  0    Dex: 12    Spells: 4/5 levels left

rFire  . . .     SeeInvis .     f - +2 mace (venom)
rCold  . . .     Gourm    .     (no shield)
rNeg   . . .     Faith    .     (helmet restricted)
rPois  .         Spirit   .     (no amulet)
rElec  .         Reflect  .     (no ring)
rCorr  .         Harm     .     (no ring)
MR     .....                    (no ring)
Stlth  +++.......               (no ring)
                                (no ring)
                                (no ring)
                                (no ring)
                                (no ring)

@: no status effects
A: almost no armour, stealthy swim, amphibious, 8 rings, constrict 8, camouflage
1, gelatinous body 1
a: no special abilities


You were on level 4 of the Dungeon.
You were not hungry.

You visited 1 branch of the dungeon, and saw 4 of its levels.

You collected 39 gold pieces.

Inventory:

Hand Weapons
 e - a +2 whip of flaming
 f - a +2 mace of venom (weapon)
Scrolls
 g - 2 scrolls of remove curse {unknown}
Potions
 c - a potion of curing
 d - a potion of heal wounds {unknown}
 i - a potion of might {unknown}
 k - a potion of resistance {unknown}
Books
 a - a book of Necromancy

   Spells                             Type                      Level
   a - Pain                           Necromancy                   1
   b - Animate Skeleton               Necromancy                   1
   c - Vampiric Draining              Necromancy                   3
   d - Regeneration                   Charms/Necromancy            3
   e - Animate Dead                   Necromancy                   4
   f - Control Undead                 Necromancy                   4
Comestibles
 b - 2 bread rations
 h - a royal jelly
 j - a meat ration


   Skills:
 - Level 2.0 Dodging
 - Level 2.6 Stealth
 + Level 2.2 Unarmed Combat
 - Level 2.0 Spellcasting
 - Level 4.0 Necromancy


You had 4 spell levels left.
You knew the following spells:

 Your Spells              Type           Power        Failure   Level  Hunger
a - Pain                  Necr           ###.         3%          1    #......


Dungeon Overview and Level Annotations

Branches:
Dungeon (4/15)
 Temple: D:4-7

Altars:


Innate Abilities, Weirdness & Mutations

You cannot wear most types of armour.
You are very stealthy in the water. (Stealth+)
You are amphibious.
You can wear up to eight rings at the same time.
You can use your tentacles to constrict eight enemies at once.
Your skin changes colour to match your surroundings (Stealth+).
Your rubbery body absorbs attacks. (AC +1, EV +1)


Message History

Found 25 stones.
You see here a smoky cyan potion.
k - a smoky cyan potion The phantom blinks!
Okay, then.
You aren't carrying any items that you can evoke.
g - 2 scrolls labeled AHI SETOODI (gained 1)
There are no items here.
Found a scroll labeled SUVAIMENA.
Found a stone staircase leading up.
The phantom blinks!
An orc priest comes into view. It is wielding a flail.
The orc priest shouts!
Found a scroll labeled GEDAGU TECOD.
You aren't carrying any items that you can evoke.
It was a potion of curing.
You feel better.
The orc priest mumbles some strange prayers to Beogh against you.
Beogh smites you!
Ouch! That really hurt!
You die...

######......#
........ยง..........#
..... ......>.....#
#o...#######W..####
#..............# ###
#...######.....###..
#...+..........#....
#.?.########..##.#.#
#..@......W...##.#.#
........########.###....
...<#.#.# #(# ###.# ..?
#.#.# #.# #.# . # #..
#.# #.# ##. #.# #.# .
#.# #<# .. .# ###


You could see a phantom and an orc priest.

Vanquished Creatures
  An adder (D:2)
  A leopard gecko (D:1)
  An orc (D:3)
  A bat (D:2)
  2 goblins
  A frilled lizard (D:1)
  A kobold (D:1)
  A rat (D:3)
9 creatures vanquished.

Notes
Turn   | Place    | Note
-------+----------+-------------------------------------------
     0 | D:1      | M4edhros the Octopode Necromancer began the quest for the Orb.
     0 | D:1      | Reached XP level 1. HP: 11/11 MP: 3/3
   156 | D:1      | Reached skill level 1 in Unarmed Combat
   205 | D:2      | Reached XP level 2. HP: 8/17 MP: 5/5
   297 | D:4      | Noticed a phantom
   316 | D:4      | Killed from afar by an orc priest

Vault maps used:
D:1:      evilmike_arrival_crescent, bh_walls_and_bars
D:2:      serial_forest, infiniplex_forest_straight_2,
          infiniplex_forest_lined_ring, infiniplex_forest_straight_2,
          infiniplex_forest_straight_4, infiniplex_forest_clump_diagonal,
          infiniplex_forest_straight_4, infiniplex_forest_straight_4
D:3:      uniq_natasha, uniq_sigmund
D:4:      first_bread

Skill      XL: |  1 |
---------------+----+-----
Unarmed Combat | 2 |  2.2
Dodging        | |  2.0
Stealth        | |  2.6
Spellcasting   | |  2.0
Necromancy     | |  4.0

Action                   || total
-------------------------++-------
Melee: Mace              ||    11
       Constrict         ||     3
       Unarmed           ||     2
       Tentacles         ||     2
       Whip              ||     1
  Use: Potion            ||     1
 Stab: Sleeping          ||     2
Dodge: Dodged            ||     8
